Map: Deathaura LE

Players

Napalm - Winner!

  • Race: Zerg Zerg
  • League: Master
  • Spawn Location: 5:00

Rome

  • Race: Zerg Zerg
  • League: Master
  • Spawn Location: 11:00

VOD

Have the link to the VOD?

Description

Time

  • Played on: Aug. 1, 2020, 12:26 a.m.
  • Length: 4:53
Show
View Real Time Build Order
Export as new Build Order

Napalm Zerg - Winner!

Build Orders: Hatch First 

Get SALT Encoding   

  12  0:00  Drone  
  13  0:12  Overlord  
  13  0:16  Drone  
  14  0:22  Extractor  
  14  0:23  Drone  
  15  0:32  Drone  
  16  0:36  Drone  
  17  0:54  Hatchery  
  16  1:08  Spawning Pool  
  15  1:14  Drone  
  15  1:15  Drone  
  17  1:21  Drone  
  17  1:25  Drone  
  19  1:43  Drone  
  20  1:54  Extractor  
  20  1:55  Queen, Extractor  
  20  1:56  Zergling x2  
  20  1:59  Spine Crawler  
  22  2:07  Zergling x4  
  24  2:12  Zergling x2  
  20  2:19  Zergling x2  
  19  2:34  Zergling x2  
  14  2:50  Zergling x2  
  13  3:15  Zergling x4  
  10  3:56  Drone  
  11  4:04  Drone  
  12  4:11  Drone  
  13  4:19  Drone  
  14  4:25  Drone  
  15  4:32  Drone  
  16  4:39  Extractor  
Show
View Real Time Build Order
Export as new Build Order

Rome Zerg 

Build Orders: Pool Only 

Get SALT Encoding   

  12  0:17  Spawning Pool  
  11  0:22  Drone  
  11  0:27  Drone  
  13  0:32  Drone  
  14  0:40  Overlord  
  14  1:04  Zergling x4  
  16  1:05  Zergling x2  
  18  1:18  Zergling x2  
  18  1:27  Zergling x2  
  19  1:58  Spine Crawler  
  18  2:02  Spine Crawler  
  18  2:03  Spine Crawler  
  10  2:51  Drone  
  9  3:36  Drone  
  3  3:56  Drone  
  4  4:11  Drone  
  5  4:22  Zergling x2  
Tags
 
Add a new tag
Caveats
  • Supply blocks, unpowered buildings, or Contaminate may cause inaccurate times.
  • Supply counts are checked every 10 seconds.